 Dungeon Crawl Stone Soup version 0.30-b1-5-g8e6c1be481 (webtiles) character file.

Game seed: 6946045325954412449

29 javelincjr the Magician (level 3, 0/27 HPs)
             Began as a Djinni Fire Elementalist on May 3, 2023.
             Slain by a gnoll
             ... wielding a +0 flail
              (11 damage)
             ... on level 2 of the Dungeon.
             The game lasted 00:04:03 (919 turns).

javelincjr the Magician (Djinni Fire Elementalist)   Turns: 919, Time: 00:04:03

Health: 0/27       AC:  3    Str:  9    XL:     3   Next: 32%
Gold:   66         EV: 11    Int: 16    God:
                   SH:  3    Dex: 13

rFire   + + .        (no weapon)
rCold   x . .        h - +0 buckler
rNeg    . . .        a - +0 robe
rPois   ∞            (no helmet)
rElec   .            (no cloak)
rCorr   .            b - +0 pair of gloves
SInv    .            (boots unavailable)
Will    .....        (no amulet)
Stlth   ++           (no ring)
HPRegen 0.24/turn    (no ring)
MPRegen 0.00/turn

%: infuse magic (-1 HP)
@: flying
A: sickness immunity, fire resistance 2, cold vulnerability 1, float, innate
caster, HP casting, extra vitality 1
a: no special abilities


You were on level 2 of the Dungeon.
You visited 1 branch of the dungeon, and saw 2 of its levels.

You collected 66 gold pieces.

Inventory:

Missiles
 c - a throwing net
Armour
 a - a +0 robe (worn)
 b - a +0 pair of gloves (worn)
 h - a +0 buckler (worn)
Scrolls
 f - a scroll of fear {unknown}
Potions
 d - a potion of attraction {unknown}
 e - 2 potions of haste {unknown}
 g - a potion of curing {unknown}


   Skills:
 * Level 1.4 Fighting
 + Level 2.3 Dodging
 + Level 1.7 Stealth
 + Level 2.9 Spellcasting


You knew the following spells:

 Your Spells              Type           Power      Damage    Failure   Level
a - Foxfire               Conj/Fire      44%        2x1d6     9%          1
b - Scorch                Fire           22%        2d5       13%         2
c - Volatile Blastmotes   Fire/Tloc      22%        2d11      26%         3
d - Inner Flame           Hex/Fire       11%        N/A       26%         3
e - Flame Wave            Conj/Fire      11%        2d6       65%         4
f - Slow                  Hex            44%        N/A       9%          1
Your spell library was empty.

Dungeon Overview and Level Annotations

Branches:
Dungeon (2/15)

Altars:


Innate Abilities, Weirdness & Mutations

You are immune to sickness and miasma.
You are immune to poison.
Your flesh is very heat resistant. (rF++)
You are vulnerable to cold. (rC-)
You float through the air rather than walking.
You learn spells naturally, not from books.
Your magical power is your life essence.
You have superior vitality. (+4 MHP)


Message History

Casting: Scorch (safe; 16% risk of failure)
Confirm with . or Enter, or press ? or * to list all spells.
Okay, then.
The gnoll attacks as you move away! The gnoll hits you with a +0 whip.
A gnoll comes into view. It is wielding a +0 flail.
The gnoll attacks as you move away! The gnoll hits you with a +0 whip.
Casting: Scorch (safe; 16% risk of failure)
Confirm with . or Enter, or press ? or * to list all spells.
You conjure some foxfire!
The gnoll is no longer more vulnerable to fire.
The gnoll closely misses you.
Unknown command.
Casting: Foxfire (safe; 10% risk of failure)
Confirm with . or Enter, or press ? or * to list all spells.
There is not enough space to conjure foxfire!
Unknown command.
You closely miss the gnoll.
The gnoll is heavily wounded.
The foxfire hits the gnoll but does no damage.
The gnoll is heavily wounded.
The foxfire hits the gnoll.
You kill the gnoll!
You have reached level 3!
Your experience leads to an increase in your attributes!
Increase (S)trength, (I)ntelligence, or (D)exterity?
You feel stronger. x2
The power to cast Slow wells up from within.
Spell assigned to 'f'.
Casting: Foxfire (safe; 9% risk of failure)
Confirm with . or Enter, or press ? or * to list all spells.
You don't know that spell.
Casting: Foxfire (safe; 9% risk of failure)
Confirm with . or Enter, or press ? or * to list all spells.
You conjure some foxfire!
The gnoll closely misses you.
You barely miss the gnoll.
The foxfire hits the gnoll.
The gnoll is moderately wounded.
The foxfire hits the gnoll.
The gnoll is moderately wounded.
The gnoll hits you with a +0 flail!
You die...

#.. ... #... ...
#...### ##..
#..J<.. ..##
....... ...
###..). #.###
.....gg###.#.#
......Jg.g@#.#
####
...?######.#.# #..
. . #...#
#.####..# ####.#
##<......#
#....###...##....
.#.###.##.### #
...........#
####.##.#........#
.. ...#....###.#


You could see 3 gnolls, an endoplasm and a hobgoblin.

Vanquished Creatures
  A gnoll (D:2)
  3 endoplasms (D:1)
  3 goblins
  2 hobgoblins (D:1)
  A quokka (D:1)
  A ball python (D:1)
  4 bats (D:1)
  3 frilled lizards (D:1)
  A kobold (D:1)
19 creatures vanquished.

Vanquished Creatures (others)
  54 foxfires
54 creatures vanquished.

Grand Total: 73 creatures vanquished

Notes
Turn   | Place    | Note
-------+----------+-------------------------------------------
     0 | D:1      | javelincjr the Djinni Fire Elementalist began the quest for
                  | the Orb.
     0 | D:1      | javelincjr set off with the following spells memorised:
                  | Foxfire, Scorch, Volatile Blastmotes, Inner Flame, Flame
                  | Wave.
     0 | D:1      | Reached XP level 1. HP: 15/15 MP: 0/0
   262 | D:1      | Reached XP level 2. HP: 20/22 MP: 0/0
   450 | D:1      | Reached skill level 1 in Fighting
   918 | D:2      | Reached XP level 3. HP: 12/27 MP: 0/0
   918 | D:2      | Learned a level 1 spell: Slow
   919 | D:2      | Slain by a gnoll

Illustrated notes

Levels and vault maps discovered:
D:1:      grunt_arrival_lava_bath, layout_loops_ring,
          nicolae_concentric_dashed_squares_wild, minmay_split_cup_large
D:2:      layout_basic

Skill      XL: |  1  2 |
---------------+-------+-----
Fighting       | 1 |  1.4
Dodging        | |  2.3
Stealth        | |  1.7
Spellcasting   | |  2.9

Action                     || total
---------------------------++-------
  Melee: Unarmed           ||    12
   Cast: Foxfire           ||    40
         Scorch            ||     2
 Armour: Robe              ||     4
  Dodge: Dodged            ||     9
